 Dungeon Crawl Stone Soup version 0.20-a0-269-g17f5411 (webtiles) character file.

352404 Lochraine the Warrior (level 21, -10/175 HPs)
             Began as a Demonspawn Necromancer on Dec 8, 2016.
             Was the Champion of Ashenzari.
             Mangled by a pearl dragon (15 damage)
             ... on level 2 of the Depths.
             The game lasted 04:36:34 (44793 turns).

Lochraine the Warrior (Demonspawn Necromancer)     Turns: 44793, Time: 04:36:34

Health: -10/175    AC: 22    Str: 13    XL:     21   Next: 31%
Magic:  20/34      EV: 24    Int: 20    God:    Ashenzari [******]
Gold:   1535       SH:  0    Dex: 16    Spells: 3/38 levels left

rFire  + + .     SeeInvis +     H - +14 plutonium sword {*Contam Stlth-} (curse)
rCold  + . .     Gourm    .     A - +0 fire dragon scales (curse)
rNeg   + . .     Faith    .     (shield currently unavailable)
rPois  .         Spirit   .     (helmet unavailable)
rElec  +         Reflect  .     b - +1 cloak (curse)
rCorr  .         Harm     .     o - +1 pair of gloves "Utejoun" {rC+ rN+ Slay+5} (curse)
MR     ++...     Clarity  +     u - +0 pair of boots (curse)
Stlth  ++++......               D - amulet of regeneration (curse)
                                V - +4 ring of slaying (curse)
                                m - ring of protection from magic

@: repel missiles
A: horns 3, repulsion field 3, cold resistance 1, nightstalker 2, powered by
death 2, shaggy fur 1, electricity resistance
}: 2/15 runes: barnacled, gossamer
a: Curse Item, Scrying, Transfer Knowledge, Renounce Religion


You were on level 2 of the Depths.
You worshipped Ashenzari.
Ashenzari was exalted by your worship.
You were not hungry.

You visited 8 branches of the dungeon, and saw 39 of its levels.
You visited 1 bazaar.
You also visited: Sewer and Ice Cave.

You collected 4313 gold pieces.
You spent 2778 gold pieces at shops.

Inventory:

Hand Weapons
 H - the cursed +14 plutonium sword (weapon) {*Contam Stlth-}
   (You found it on level 4 of the Shoals)

   It causes magical contamination when unequipped.
   It makes you less stealthy.
   It has a curse placed upon it.
Armour
 b - a cursed +1 cloak (worn)
 o - the cursed +1 pair of gloves "Utejoun" (worn) {rC+ rN+ Slay+5}
   (You found it on level 11 of the Dungeon)

   It affects your accuracy and damage with ranged weapons and melee attacks
   (+5).
   It protects you from cold.
   It protects you from negative energy.
   It has a curse placed upon it.
 u - a cursed +0 pair of boots (worn)
 A - cursed +0 fire dragon scales (worn)
Jewellery
 f - an uncursed amulet of harm
 l - an uncursed ring of positive energy
 m - a ring of protection from magic (left hand)
 n - an uncursed ring of ice
 p - an uncursed ring of poison resistance
 D - a cursed amulet of regeneration (around neck)
 V - a cursed +4 ring of slaying (right hand)
Wands
 v - a wand of paralysis (17/24)
 y - a wand of lightning (3/15)
 B - a wand of digging (3/24)
 O - a wand of teleportation (6/9)
 P - a wand of iceblast (9/15)
Scrolls
 e - a scroll of silence
 h - 2 scrolls of fear
 i - 6 scrolls of fog
 k - 10 scrolls of identify
 s - 6 scrolls of immolation
 t - 11 scrolls of teleportation
 x - 6 scrolls of recharging
 C - 7 scrolls of remove curse
 L - 12 scrolls of magic mapping
 Q - 2 scrolls of blinking
 S - 6 scrolls of amnesia
 X - a scroll of summoning
Potions
 d - a potion of agility
 g - 6 potions of curing
 j - 8 potions of brilliance
 r - 2 potions of resistance
 F - 5 potions of lignification
 G - 2 potions of cure mutation
 I - 3 potions of heal wounds
 K - 2 potions of magic
 M - 6 potions of haste
 U - 3 potions of ambrosia
 W - 6 potions of cancellation
 Y - 3 potions of might
Miscellaneous
 w - 2 phantom mirrors
 E - a fan of gales
 J - a disc of storms
 R - a phial of floods
Comestibles
 a - 2 chunks of flesh
 c - 15 bread rations
 z - 12 meat rations
 T - 11 beef jerkies
 Z - 12 fruits


   Skills:
 + Level 17.5 Fighting
 * Level 14.6(19.9) Long Blades
   Level 3.4 Maces & Flails
   Level 2.6 Polearms
 - Level 13.4(17.5) Armour
 + Level 15.1(19.1) Dodging
 - Level 9.6 Stealth
 - Level 9.1 Spellcasting
 - Level 3.0(5.6) Conjurations
 - Level 5.5(8.5) Hexes
 - Level 7.2(10.3) Charms
 - Level 12.6(15.3) Necromancy
 - Level 3.1(5.7) Translocations
 - Level 2.0(4.2) Air Magic
 - Level 2.8(5.3) Poison Magic
 - Level 7.4(10.4) Evocations


You had 3 spell levels left.
You knew the following spells:

 Your Spells              Type           Power        Failure   Level  Hunger
a - Spectral Weapon       Hex/Chrm       #####...     1%          3    None
b - Animate Skeleton      Necr           N/A          1%          1    None
c - Corpse Rot            Necr           N/A          1%          2    None
d - Regeneration          Chrm/Necr      ######....   1%          3    None
e - Animate Dead          Necr           N/A          1%          4    ###....
f - Control Undead        Necr           ######....   1%          4    ###....
g - Swiftness             Chrm/Air       #####...     1%          2    None
h - Mephitic Cloud        Conj/Pois/Air  ####....     12%         3    None
i - Dispel Undead         Necr           ######..     1%          5    #####..
j - Agony                 Necr           ######..     1%          5    #####..
k - Blink                 Tloc           N/A          3%          2    None
l - Apportation           Tloc           ####......   1%          1    None


Dungeon Overview and Level Annotations

Branches:
Dungeon (15/15)            Temple (0/1) D:7            Lair (6/6) D:9
 Shoals (4/4) Lair:4       Spider (4/4) Lair:2        Slime (0/5) Lair:6
    Orc (2/2) D:11            Elf (2/3) Orc:2        Vaults (4/5) D:14
  Crypt (0/3) Vaults:2     Depths (2/5) D:15

Altars:
Ashenzari
Cheibriados
Elyvilon
Fedhas
Kikubaaqudgha
Qazlal
Yredelemnul
Beogh
Jiyva

Shops:
D:6 [   D:11 (   D:12 [   Orc:1 *!(%   Orc:2 [*(:   Elf:1 *:(*   Elf:2 :
Shoals:4 [!*%   Vaults:1 [   Vaults:4 *!}

Portals:
Hell: Depths:1

Annotations:
D:6 joejoepie's ghost, novice MiFi
Lair:6 exclusion: 2 oklob plants, DEFE's ghost, journeyman TrGl
Shoals:2 Polyphemus


Innate Abilities, Weirdness & Mutations

You have a pair of large horns on your head.
You are surrounded by a strong repulsion field. (EV +4, RMsl)
Your flesh is cold resistant. (rC+)
You are significantly more attuned to the shadows.
You regenerate health from kills.
You are covered in fur. (AC +1)
You are resistant to electric shocks. (rElec)


Message History

Your tengu warrior zombie is engulfed in blessed fire.
Your tengu warrior zombie hits the pearl dragon with a +0 dire flail!
Your tengu warrior zombie misses the pearl dragon. x2
You catch the helpless pearl dragon completely off-guard!
You chop the pearl dragon into pieces!!!
The pearl dragon is almost dead.
You are engulfed in blessed fire.
Your spectral weapon is engulfed in blessed fire.
Your spectral weapon barely misses the pearl dragon.
The pearl dragon bites you! The pearl dragon sears you!!
* * * LOW HITPOINT WARNING * * *
The pearl dragon claws you but does no damage.
The pearl dragon bites you.
* * * LOW HITPOINT WARNING * * *
The pearl dragon sears you!!
* * * LOW HITPOINT WARNING * * *
The pearl dragon claws you!
* * * LOW HITPOINT WARNING * * *
The pearl dragon sears you!
You die...

#......#......>.....# ,,, , ,
#.^....#............# , *, , ,
,#......#............# , *
+######......#............#
,........>...#............# ,
, ,...........^#......##....#
,
,,,,.......§.#####.....##'####
,,
,,∆........§#####.....##....#
,,.......§Z@§P##......#.....
######..(D§)##......#..... ,,
* *#..Z§.§##.....##..... ,
#.......######+##..... ,,, *
#.......##........^... ,, ,*
#.......##............ ,, *
*,,,,,, #............ , ,,∆ ,
#.....####### , , , ,
#.....#......


You could see a pearl dragon, a friendly spectral plutonium sword {*Contam
Stlth-}, a friendly tengu warrior zombie and a friendly tengu conjurer zombie.

Vanquished Creatures
  Mara (Depths:1)
  Boris (Vaults:4)
  Saint Roka (Vaults:3)
  Arachne (Spider:4)
  A lich (Depths:2)
  Asterion (Vaults:3)
  A titan (Vaults:2)
  A kraken (Shoals:3)
  Frances (Shoals:2)
  2 sphinxes
  Agnes (Lair:2)
  2 storm dragons
  Ilsuiw (Shoals:3)
  An orc warlord (Orc:2)
  2 ghost moths (Spider:4)
  5 frost giants
  4 fire giants
  3 emperor scorpions
  9 vault wardens
  A deep elf elementalist (Elf:2)
  5 ironheart preservers
  A war gargoyle (Vaults:1)
  9 stone giants
  5 entropy weavers
  A deep elf demonologist (Elf:2)
  A deep elf annihilator (Elf:2)
  Nessos (D:12)
  A spark wasp (Spider:4)
  6 merfolk javelineers
  An ettin (Vaults:2)
  11 merfolk impalers
  2 minotaurs
  A crystal guardian (Vaults:4)
  4 fire dragons
  6 yaktaur captains
  3 great orbs of eyes
  Erolcha (D:12)
  4 hydras
  12 vault guards
  2 ice dragons (Vaults:4)
  Fannar (Lair:1)
  5 rakshasas
  2 merfolk avatars
  An anaconda (Vaults:1)
  2 merfolk aquamancers (Shoals:4)
  15 centaur warriors
  3 satyrs
  3 alligator snapping turtles
  3 death knights
  2 catoblepae
  18 dancing weapons
  8 ogre magi
  2 deep troll shamans (Depths:1)
  9 deep troll earth magi
  A queen ant (Vaults:1)
  3 tengu warriors
  A shock serpent (shapeshifter) (Vaults:1)
  4 death yaks
  4 orc high priests (Orc:2)
  21 deep elf knights
  A fire crab (Vaults:1)
  A skeletal warrior (D:11)
  2 shadow wraiths
  10 sea snakes
  A storm dragon skeleton (Vaults:4)
  4 flayed ghosts
  18 deep trolls
  6 unseen horrors
  A glowing orange brain (Depths:1)
  Pikel (D:5)
  A harpy (shapeshifter) (Vaults:1)
  9 deep elf archers
  4 wizards
  11 ironbrand convokers
  13 orc knights
  5 orb spiders
  13 harpies
  5 hill giants
  A necromancer (Vaults:4)
  39 wolf spiders
  50 ugly things
  34 deep elf magi
  A shining eye (Depths:1)
  6 orc sorcerers
  A fire giant zombie (Vaults:4)
  12 fauns
  10 cyclopes
  3 moths of wrath
  11 manticores
  A naga mage (D:15)
  2 centaur zombies
  A black mamba (Lair:3)
  An ice statue (IceCv)
  11 vault sentinels
  16 elephants
  A torpor snail (Lair:2)
  8 merfolk sirens
  A gargoyle (D:14)
  9 spiny frogs
  3 kobold demonologists (D:11)
  10 demonic crawlers
  A human zombie (Vaults:4)
  12 komodo dragons
  A rime drake (Lair:4)
  5 freezing wraiths
  20 yaktaurs
  2 ice devils (Lair:1)
  2 harpy zombies (Shoals:3)
  A meliai (shapeshifter) (Depths:1)
  2 tengu conjurers
  11 trolls
  21 jumping spiders
  25 merfolk
  11 polar bears
  A jumping spider (shapeshifter) (D:15)
  11 snapping turtles
  4 wind drakes
  Grinder (D:6)
  5 hornets
  A hornet (shapeshifter) (Vaults:3)
  10 two-headed ogres
  2 blink frogs (Lair:6)
  14 slime creatures
  8 hippogriffs
  5 dream sheep
  A dream sheep (shapeshifter) (Elf:1)
  2 air elementals (Elf:1)
  7 water elementals
  70 redbacks
  36 tarantellas
  3 wyverns
  Eustachio (D:5)
  6 fire elementals
  9 yaks
  A human (shapeshifter) (Vaults:4)
  A basilisk (shapeshifter) (Depths:1)
  5 basilisks
  A steam dragon (D:10)
  4 vampire mosquitoes (D:13)
  4 hungry ghosts
  8 wargs
  2 soldier ants
  6 acid dragons
  9 water moccasins
  Duvessa (D:6)
  6 porcupines
  5 black bears
  45 orc warriors
  3 ice beasts
  An eye of draining (D:11)
  3 phantoms
  2 sky beasts (D:11)
  A boggart (shapeshifter) (Vaults:4)
  17 wolves
  37 ogres
  29 centaurs
  8 boggarts
  11 crocodiles
  5 big kobolds
  16 bullfrogs
  An earth elemental (Elf:1)
  A hippogriff zombie (Shoals:3)
  Dowan (D:6)
  A scorpion (D:4)
  11 killer bees
  12 wights
  3 howler monkeys
  5 electric eels
  9 crimson imps
  2 jellies (D:10)
  2 quasits
  32 orc priests
  12 hounds
  33 orc wizards
  3 bullfrog skeletons
  A bullfrog zombie (D:12)
  2 centaur skeletons
  4 iguanas
  7 worker ants
  A hound zombie (D:9)
  A hound skeleton (D:5)
  A worker ant zombie (D:11)
  2 gnolls (D:3)
  13 adders
  5 river rats (Sewer)
  8 shadow imps
  5 oozes
  2 adder zombies
  2 adder skeletons
  3 worms (D:2)
  4 dart slugs
  6 leopard geckos
  115 orcs
  7 ball pythons
  9 bats
  6 giant cockroaches
  5 goblins
  9 hobgoblins
  23 kobolds
  5 quokkas
  5 frilled lizards
  A jackal skeleton (D:5)
  A quokka skeleton (D:4)
  A quokka zombie (D:5)
  29 rats
  3 tentacles (Shoals:3)
1519 creatures vanquished.

Vanquished Creatures (collateral kills)
  A tengu reaver (Vaults:4)
  An orc warlord (Orc:1)
  A frost giant (Depths:1)
  2 emperor scorpions
  An entropy weaver (Spider:4)
  Azrael (Orc:2)
  2 spark wasps (Spider:4)
  A dire elephant (Lair:6)
  A merfolk impaler (Shoals:4)
  A hydra (Lair:6)
  2 alligator snapping turtles
  A vault guard (Vaults:4)
  An ogre mage (D:15)
  A catoblepas (Lair:6)
  A merfolk aquamancer (Shoals:4)
  A merfolk avatar (Shoals:4)
  4 death yaks (Lair:6)
  A deep troll shaman (Lair:6)
  2 dancing weapons (Elf:2)
  A deep troll (Depths:1)
  3 sea snakes
  6 orb spiders
  4 harpies (Shoals:3)
  An ugly thing (Vaults:3)
  A faun (Shoals:3)
  2 wolf spiders
  An oklob plant (Lair:6)
  A centaur zombie (D:15)
  A merfolk siren (Shoals:4)
  8 elephants
  A black mamba (Lair:6)
  A vault sentinel (Vaults:4)
  An ice statue (IceCv)
  A naga mage (D:15)
  3 water nymphs
  A spiny frog (Lair:6)
  A torpor snail (Lair:6)
  A gargoyle (D:15)
  A rime drake (Lair:1)
  2 komodo dragons (Lair:6)
  2 yaktaurs
  3 demonic crawlers
  A freezing wraith (Vaults:3)
  3 harpy zombies (Shoals:3)
  7 polar bears
  A wind drake (Shoals:1)
  10 jumping spiders
  10 merfolk
  4 hornets
  3 blink frogs (Lair:6)
  2 two-headed ogres (Vaults:4)
  4 slime creatures (Vaults:2)
  3 hippogriffs
  17 redbacks
  A wyvern (D:9)
  10 tarantellas
  4 yaks
  A fire elemental (Orc:2)
  A hungry ghost (D:8)
  An acid dragon (D:15)
  5 water moccasins
  A porcupine (Lair:5)
  2 black bears
  5 orc warriors
  A phantom (D:10)
  4 ogres
  6 wolves
  2 centaurs
  2 crocodiles (Lair:6)
  A big kobold (D:11)
  3 bullfrogs
  A wyvern skeleton (D:4)
  A hornet simulacrum (Vaults:1)
  A wight (D:8)
  3 electric eels
  A crimson imp (D:6)
  A bullfrog zombie (D:12)
  A hound (D:9)
  7 orc priests
  An orc wizard (Orc:2)
  2 worker ants
  A gnoll (D:3)
  2 adders
  A shadow imp (D:8)
  An adder zombie (D:8)
  A leopard gecko (D:10)
  9 orcs
  2 bats
  2 giant cockroaches
  4 kobolds
  3 quokkas
  4 ball pythons (Sewer)
  A leopard gecko zombie (D:6)
  2 rats
  A bush (Lair:6)
  A fungus (Lair:6)
  2 plants (Lair:6)
244 creatures vanquished.

Vanquished Creatures (others)
  A deep elf high priest (Elf:2)
  A shadow wraith (Vaults:4)
  A deep elf mage (Elf:2)
  A fire elemental (Orc:2)
  4 slaves (D:5)
  A boggart (Depths:1)
  A crimson imp (D:5)
  A jelly (D:5)
  An orc wizard (D:8)
  A worker ant (D:5)
  2 orcs (D:8)
  A giant cockroach (D:5)
  A kobold (D:8)
  A bush (Lair:6)
  17 fungi
  24 plants
  10 spectral weapons
  9 tentacles (Shoals:3)
78 creatures vanquished.

Grand Total: 1841 creatures vanquished

Notes
Turn   | Place    | Note
-------+----------+-------------------------------------------
     0 | D:1      | Lochraine the Demonspawn Necromancer began the quest for the Orb.
     0 | D:1      | Reached XP level 1. HP: 13/13 MP: 3/3
   228 | D:1      | Gained mutation: You are slightly more attuned to the shadows. [demonic ancestry]
   228 | D:1      | Reached XP level 2. HP: 16/19 MP: 3/5
   330 | D:1      | Learned a level 1 spell: Animate Skeleton
   474 | D:1      | Reached skill level 5 in Necromancy
   564 | D:1      | Gained mutation: You have a pair of small horns on your head. [demonic ancestry]
   564 | D:1      | Reached XP level 3. HP: 24/24 MP: 4/6
   569 | D:1      | Learned a level 3 spell: Vampiric Draining
  1012 | D:2      | Found a snail-covered altar of Cheibriados.
  1506 | D:2      | Found a basalt altar of Yredelemnul.
  1541 | D:2      | Gained mutation: You are surrounded by a mild repulsion field. (EV +2) [demonic ancestry]
  1541 | D:2      | Reached XP level 4. HP: 10/30 MP: 1/8
  2637 | D:3      | Gained mutation: You regenerate a little health from kills. [demonic ancestry]
  2637 | D:3      | Reached XP level 5. HP: 20/35 MP: 5/9
  2733 | D:3      | Learned a level 3 spell: Regeneration
  3112 | D:3      | Reached XP level 6. HP: 24/41 MP: 3/11
  3191 | D:3      | Learned a level 4 spell: Animate Dead
  3387 | D:3      | Found a stormy altar of Qazlal.
  3514 | D:3      | You fall through a shaft!
  3863 | D:4      | Reached skill level 1 in Fighting
  4163 | D:4      | Reached XP level 7. HP: 40/48 MP: 13/13
  4525 | D:5      | Entered Level 5 of the Dungeon
  4556 | D:5      | Noticed Pikel
  4562 | D:5      | Killed Pikel
  4562 | D:5      | Reached skill level 2 in Fighting
  4562 | D:5      | Reached XP level 8. HP: 55/57 MP: 15/15
  4843 | D:5      | Found a shattered altar of Ashenzari.
  4854 | D:5      | Became a worshipper of Ashenzari the Shackled
  4937 | D:5      | Noticed Eustachio
  5043 | D:5      | Killed Eustachio
  5043 | D:5      | Reached skill level 3 in Fighting
  5564 | D:5      | Reached skill level 5 in Spellcasting
  5740 | D:6      | Noticed Grinder
  5741 | D:6      | Paralysed by Grinder for 3 turns
  5833 | D:6      | Noticed joejoepie's ghost (novice MiFi)
  5933 | D:6      | Noticed Duvessa
  5934 | D:6      | Noticed Dowan
  5953 | D:6      | Killed Duvessa
  5953 | D:6      | Reached skill level 4 in Fighting
  5963 | D:6      | Killed Dowan
  6058 | D:6      | Found Ceitwox's Armour Boutique.
  6061 | D:6      | Bought a +0 buckler of protection for 161 gold pieces
  6092 | D:6      | Paralysed by Grinder for 2 turns
  6105 | D:6      | Paralysed by Grinder for 3 turns
  6140 | D:6      | Killed Grinder
  6140 | D:6      | Reached skill level 1 in Shields
  6149 | D:6      | Found a glowing drain.
  6158 | Sewer    | Entered a sewer
  6409 | Sewer    | Gained mutation: You are surrounded by a moderate repulsion field. (EV +3) [demonic ancestry]
  6409 | Sewer    | Reached XP level 9. HP: 66/66 MP: 17/17
  6415 | Sewer    | Learned a level 4 spell: Control Undead
  6923 | D:6      | Reached skill level 5 in Fighting
  7171 | D:6      | Reached * piety under Ashenzari
  7617 | D:7      | Found a staircase to the Ecumenical Temple.
  8113 | D:8      | Reached skill level 6 in Fighting
  9051 | D:8      | Reached XP level 10. HP: 77/77 MP: 21/21
  9707 | D:9      | Found a white marble altar of Elyvilon.
  9734 | D:8      | Reached skill level 7 in Fighting
  9734 | D:8      | Reached skill level 5 in Shields
 10035 | D:9      | Reached skill level 1 in Charms
 10126 | D:9      | Reached skill level 5 in Dodging
 10279 | D:9      | Found a staircase to the Lair.
 10841 | D:10     | Entered Level 10 of the Dungeon
 10857 | D:10     | Reached ** piety under Ashenzari
 11138 | D:10     | Reached skill level 8 in Fighting
 11546 | Lair:1   | Entered Level 1 of the Lair of Beasts
 11603 | Lair:1   | Noticed Fannar
 11629 | Lair:1   | Killed Fannar
 11629 | Lair:1   | Reached XP level 11. HP: 76/86 MP: 10/23
 11675 | Lair:1   | Found a frozen archway.
 11731 | IceCv    | Entered an ice cave
 12030 | IceCv    | Reached skill level 1 in Maces & Flails
 12331 | IceCv    | Reached skill level 5 in Charms
 12435 | IceCv    | Noticed a frost giant
 12457 | IceCv    | Killed a frost giant
 12884 | Lair:1   | Reached skill level 1 in Polearms
 12897 | Lair:1   | Gained mutation: You are significantly more attuned to the shadows. [demonic ancestry]
 12897 | Lair:1   | Reached XP level 12. HP: 63/92 MP: 13/24
 14061 | Lair:2   | Gained mutation: You are resistant to electric shocks. (rElec) [potion of beneficial mutation]
 14062 | Lair:2   | Gained mutation: You are covered in fur. (AC +1) [potion of beneficial mutation]
 14885 | Lair:2   | Found a hole to the Spider Nest.
 14929 | Lair:2   | Reached skill level 1 in Armour
 15164 | Lair:3   | Reached *** piety under Ashenzari
 15306 | Lair:3   | Reached skill level 5 in Polearms
 15381 | Lair:3   | Learned a level 2 spell: Swiftness
 15385 | Lair:3   | Learned a level 3 spell: Mephitic Cloud
 15806 | Lair:3   | Reached skill level 1 in Poison Magic
 15809 | Lair:3   | Identified Sif Muna's Compendium of Clay and Lightness
 15835 | Lair:3   | Reached skill level 1 in Air Magic
 15865 | Lair:3   | Reached skill level 1 in Conjurations
 16058 | Lair:4   | Found a staircase to the Shoals.
 16150 | Lair:4   | Learned a level 2 spell: Repel Missiles
 16425 | Lair:4   | Reached **** piety under Ashenzari
 17069 | Lair:5   | Reached XP level 13. HP: 82/98 MP: 15/25
 17883 | Lair:6   | Entered Level 6 of the Lair of Beasts
 17950 | Lair:6   | Reached ***** piety under Ashenzari
 18232 | Lair:6   | Reached skill level 1 in Evocations
 18436 | Lair:6   | Noticed a dire elephant
 18443 | Lair:6   | Killed a dire elephant
 18494 | Lair:6   | Reached skill level 10 in Dodging
 18602 | Lair:6   | Found a staircase to the Slime Pits.
 18602 | Lair:6   | Found a viscous altar of Jiyva.
 18627 | Lair:6   | Noticed DEFE's ghost (journeyman TrGl)
 19320 | D:11     | Found Kiqe Tio's Weapon Shoppe.
 19321 | D:11     | Found a staircase to the Orcish Mines.
 19551 | D:11     | Identified the cursed +1 morningstar of Seonos {flame, rN+ Str-5 Dex+9} (You took it off a centaur warrior on level 11 of the Dungeon)
 19566 | D:11     | Identified the +1 pair of gloves "Utejoun" {rC+ rN+ Slay+5}
 19765 | D:11     | Gained mutation: You have a pair of horns on your head. [demonic ancestry]
 19765 | D:11     | Reached XP level 14. HP: 70/106 MP: 16/26
 19981 | D:11     | Reached skill level 10 in Polearms
 20462 | D:12     | Noticed Erolcha
 20467 | D:12     | Killed Erolcha
 20467 | D:12     | Reached skill level 9 in Fighting
 20477 | D:12     | Found Qysist's Antique Armour Shoppe.
 20483 | D:12     | Bought a glowing cloak for 325 gold pieces
 20880 | D:12     | Noticed Nessos
 20900 | D:12     | Killed Nessos
 21590 | D:13     | Reached skill level 5 in Armour
 22637 | D:14     | Found a gate to the Vaults.
 22783 | D:14     | Reached ****** piety under Ashenzari
 22820 | D:14     | Reached skill level 10 in Fighting
 22896 | D:15     | Entered Level 15 of the Dungeon
 23201 | D:15     | Gained mutation: You regenerate health from kills. [demonic ancestry]
 23201 | D:15     | Reached XP level 15. HP: 88/115 MP: 27/27
 23287 | D:15     | Found a staircase to the Depths.
 23365 | D:15     | Identified the +1 shortbow of Koazorph {velocity, rElec MR+}
 23480 | D:15     | Reached skill level 5 in Evocations
 23676 | D:15     | Found a blossoming altar of Fedhas.
 24415 | D:15     | Reached skill level 11 in Fighting
 24529 | Orc:1    | Entered Level 1 of the Orcish Mines
 24542 | Orc:1    | Found Utokoeck's Food Boutique.
 24657 | Orc:1    | Found Xul Ciup's Weapon Shop.
 24660 | Orc:1    | Found Rosox's Distillery.
 24683 | Orc:1    | Bought a potion of curing for 36 gold pieces
 24683 | Orc:1    | Bought a potion of agility for 48 gold pieces
 24683 | Orc:1    | Bought a potion of might for 48 gold pieces
 24683 | Orc:1    | Bought a potion of might for 48 gold pieces
 24683 | Orc:1    | Bought a potion of heal wounds for 60 gold pieces
 24683 | Orc:1    | Bought a potion of heal wounds for 60 gold pieces
 24698 | Orc:1    | Found Qiaxusaf's General Store.
 24734 | Orc:1    | Bought a scroll of remove curse for 45 gold pieces
 24734 | Orc:1    | Bought a potion of curing for 45 gold pieces
 24734 | Orc:1    | Bought a potion of curing for 45 gold pieces
 24997 | Orc:2    | Entered Level 2 of the Orcish Mines
 25014 | Orc:2    | Found a staircase to the Elven Halls.
 25031 | Orc:2    | Found a roughly hewn altar of Beogh.
 25599 | Orc:2    | Noticed an orc warlord
 25675 | Orc:1    | Killed an orc warlord
 25831 | Orc:2    | Noticed an orc warlord
 25859 | Orc:2    | Killed an orc warlord
 25894 | Orc:2    | Reached skill level 10 in Necromancy
 26042 | Orc:2    | Noticed Azrael
 26059 | Orc:2    | Killed Azrael
 26286 | Orc:2    | Found Wumat's Antique Armour Emporium.
 26286 | Orc:2    | Found Qid Baw Jei's Antique Weapon Emporium.
 26286 | Orc:2    | Found Deynn's General Store.
 26287 | Orc:2    | Found Puatt's Book Shoppe.
 26313 | Orc:2    | Bought a book of Death for 980 gold pieces
 26326 | Orc:2    | Learned a level 5 spell: Agony
 26642 | Spider:1 | Entered Level 1 of the Spider Nest
 26642 | Spider:1 | Noticed Agnes
 26649 | Lair:2   | Killed Agnes
 27110 | Spider:1 | Reached XP level 16. HP: 126/126 MP: 29/29
 28401 | Spider:3 | Reached skill level 10 in Spellcasting
 28734 | Spider:3 | Learned a level 2 spell: Blink
 28953 | Spider:4 | Entered Level 4 of the Spider Nest
 28963 | Spider:4 | Reached skill level 1 in Translocations
 28994 | Spider:4 | Noticed Arachne
 29017 | Spider:4 | Killed Arachne
 29070 | Spider:4 | Reached skill level 10 in Armour
 29758 | Spider:4 | Gained mutation: You are surrounded by a strong repulsion field. (EV +4, RMsl) [demonic ancestry]
 29758 | Spider:4 | Reached XP level 17. HP: 120/133 MP: 11/31
 29766 | Spider:4 | Learned a level 5 spell: Dispel Undead
 30187 | Spider:4 | Got a gossamer rune of Zot
 30563 | Shoals:1 | Entered Level 1 of the Shoals
 30914 | Shoals:1 | Reached skill level 12 in Fighting
 31190 | Shoals:1 | Learned a level 5 spell: Excruciating Wounds
 31372 | Shoals:1 | Identified the +8 war axe "Vygiwom" {venom, Stlth+}
 31595 | Shoals:2 | Noticed Polyphemus
 32000 | Shoals:2 | Noticed Frances
 32009 | Shoals:2 | Killed Frances
 32755 | Shoals:3 | Noticed a kraken
 32784 | Shoals:3 | Killed a kraken
 33071 | Shoals:4 | Entered Level 4 of the Shoals
 33301 | Shoals:4 | Found Eniesebi's Antique Armour Shop.
 33313 | Shoals:4 | Found Buamiust's Distillery.
 33320 | Shoals:4 | Bought a potion of haste for 170 gold pieces
 33320 | Shoals:4 | Bought a potion of haste for 170 gold pieces
 33320 | Shoals:4 | Bought a potion of invisibility for 136 gold pieces
 33362 | Shoals:4 | Reached skill level 1 in Long Blades
 33452 | Shoals:4 | Reduced skill Spellcasting to level 10
 33499 | Shoals:4 | Noticed Ilsuiw
 33599 | Shoals:4 | Gained mutation: Your flesh is cold resistant. (rC+) [demonic ancestry]
 33599 | Shoals:4 | Reached XP level 18. HP: 136/142 MP: 32/32
 33639 | Shoals:4 | Reached skill level 5 in Long Blades
 34396 | Shoals:3 | Killed Ilsuiw
 34457 | Shoals:4 | Found Wioj's Food Emporium.
 34482 | Shoals:4 | Found Rowihink's Assorted Antiques.
 34490 | Shoals:4 | Bought a scroll of remove curse for 114 gold pieces
 34525 | Shoals:4 | Identified the amulet "Oblef" {Gourm Stlth+} (You took it off a merfolk impaler on level 4 of the Shoals)
 35005 | Shoals:4 | Reached skill level 5 in Air Magic
 35138 | Shoals:4 | Got a barnacled rune of Zot
 35499 | D:10     | Reached skill level 10 in Long Blades
 35609 | Elf:1    | Entered Level 1 of the Elven Halls
 35649 | Elf:1    | Reduced skill Polearms to level 10
 35684 | Elf:1    | Found Zebaodoc's Assorted Antiques.
 35691 | Elf:1    | Bought a scroll of remove curse for 132 gold pieces
 35727 | Elf:1    | Found Beach's Book Emporium.
 35792 | Elf:1    | Found Mowkoaca's Antique Weapon Shop.
 35960 | Elf:1    | Learned a level 1 spell: Apportation
 36204 | Elf:1    | Found Kopsegg's General Store.
 36321 | Elf:2    | Found Zoath's Book Shop.
 36392 | Elf:2    | Identified a scroll of acquirement
 36462 | Elf:2    | Found a huge runed gate.
 36462 | Elf:2    | Found a huge runed gate.
 36462 | Elf:2    | Found a huge runed gate.
 36463 | Elf:2    | Found a huge runed gate.
 36463 | Elf:2    | Found a huge runed gate.
 36796 | Elf:2    | Reached skill level 13 in Fighting
 37218 | Elf:2    | Reached skill level 14 in Fighting
 37296 | Elf:2    | Learned a level 3 spell: Spectral Weapon
 37543 | Elf:2    | Reduced skill Polearms to level 5
 37543 | Elf:2    | Reached skill level 1 in Hexes
 37849 | Vaults:1 | Entered Level 1 of the Vaults
 37991 | Vaults:1 | Found Apytujea's Antique Armour Emporium.
 38134 | Vaults:1 | Gained mutation: You have a pair of large horns on your head. [demonic ancestry]
 38134 | Vaults:1 | Reached XP level 19. HP: 152/152 MP: 29/32
 38141 | Vaults:1 | Reached skill level 5 in Hexes
 39072 | Vaults:1 | Reduced skill Shields to level 1
 39274 | Vaults:2 | Found a flickering gateway to a bazaar.
 39293 | Bazaar   | Entered a bazaar
 39330 | Bazaar   | Found Qosyprou's Jewellery Boutique.
 39344 | Bazaar   | Found Lotzooj's Book Shop.
 39382 | Bazaar   | Found Yngey's Weapon Boutique.
 39396 | Bazaar   | Found Kopra's Gadget Shop.
 39542 | Vaults:2 | Identified the cursed +0 chain mail of Niroanni {*Corrode +Inv rF++ Regen+}
 39753 | Vaults:2 | Noticed Frederick
 39756 | Vaults:2 | Noticed Frederick
 39756 | Vaults:2 | Frederick changed into Frederick the titan
 39757 | Vaults:2 | Killed Frederick the titan
 40298 | Vaults:2 | Found a staircase to the Crypt.
 40298 | Vaults:2 | Found an ancient bone altar of Kikubaaqudgha.
 40299 | Vaults:2 | Found a basalt altar of Yredelemnul.
 40888 | Vaults:3 | Reached skill level 15 in Fighting
 40948 | Vaults:3 | Reached XP level 20. HP: 162/162 MP: 33/33
 40962 | Vaults:3 | Noticed Saint Roka
 40996 | Vaults:3 | Killed Saint Roka
 40996 | Vaults:3 | Reached skill level 5 in Stealth
 41136 | Vaults:3 | Noticed Asterion
 41144 | Vaults:3 | Killed Asterion
 41754 | Vaults:4 | Found Bewi's Gadget Shop.
 42041 | Vaults:4 | Noticed Boris
 42048 | Vaults:4 | Killed Boris
 42466 | Vaults:4 | Found Pewnec's General Store.
 42472 | Vaults:4 | Bought a scroll of fear for 70 gold pieces
 42747 | Vaults:4 | Reached skill level 16 in Fighting
 43282 | Vaults:4 | Found Zack's Distillery.
 43288 | Vaults:4 | Bought a potion of heal wounds for 85 gold pieces
 43609 | Depths:1 | Entered Level 1 of the Depths
 43641 | Depths:1 | Reached skill level 17 in Fighting
 43730 | Depths:1 | Learned a level 2 spell: Corpse Rot
 43758 | Depths:1 | Found a gateway to Hell.
 43927 | Depths:1 | Noticed Mara
 43931 | Depths:1 | Killed Mara
 43931 | Depths:1 | Reached XP level 21. HP: 174/174 MP: 30/34
 44304 | Depths:1 | Reached skill level 15 in Dodging
 44793 | Depths:2 | HP: 5/175 [pearl dragon (14)]
 44793 | Depths:2 | Mangled by a pearl dragon

Vault maps used:
D:1:      minmay_arrival_diagonal_passages, serial_bayou_ford_a,
          hangedman_feature_mirror
D:2:      yredelemnul_altar_generic, lemuel_coloured_pillars_altar
D:3:      nicolae_qazlal_eye_of_the_storm, first_bread
D:4:      black_bear_nest_2
D:5:      kennysheep_little_box, uniq_eustachio, uniq_pikel
D:6:      serial_shops, kennysheep_mini_moat, portal_sewer_entry_b,
          nicolae_ossuary_entry_ruins, uniq_duvessa, uniq_grinder
D:7:      grunt_ogre_cave, minmay_misc_feat_cross, nrook_mini_vaults,
          st_stairs_5
D:8:      grunt_ministairs_12, minmay_misc_feat_tower, lemuel_flamethrower_2
D:9:      overflow_temple_1_default, erik_lair_island
D:11:     minmay_cut_squares, orc_david_3, small_statue_alley_a
D:12:     serial_shops, nicolae_shop_overgrown_old_shop, uniq_erolcha,
          uniq_nessos
D:14:     erik_vaults_2, serial_curves, eino_curves_04, eino_curves_04,
          grunt_decor_clamped
D:15:     grunt_enter_depths_magical_seal, hangedman_decor_slide_cut,
          fedhas_altar_1
Lair:1:   portal_ice_cave_demonic_guard, lab_entry_generic, serial_bayou,
          serial_bayou_shore_b, serial_bayou_shore_a, serial_bayou_pond_b,
          serial_bayou_pond_c, uniq_fannar
Lair:2:   nicolae_spider_entry_orb_guardian, serial_bayou_pond_a
Lair:3:   beast_lair_carwin_10
Lair:4:   shoals_dummy_entry
Lair:5:   lemuel_fruit_tree
Lair:6:   grunt_lair_end_beastmaster, slime_altar_1, minmay_lair_oklob_chamber
Shoals:1: centaur_isle
Shoals:2: uniq_polyphemus, uniq_frances
Shoals:3: nicolae_shoals_undead_eyrie
Shoals:4: shoals_end_grunt_ice, shoals_ilsuiw_alternative, serial_shops, shop,
          shop, nicolae_shop_overgrown_old_shop, nicolae_shop_window_shopping
Spider:1: nicolae_spider_webbed_stairs, uniq_agnes
Spider:2: nicolae_spider_cling_ruins
Spider:3: hangedman_spider_tarantella_strand
Spider:4: spider_rune_water, nicolae_arachne_temple
Orc:1:    serial_shops, nicolae_shop_waterfront, shop_coins, shop,
          nicolae_shop_competitors_out_of_business
Orc:2:    st_orc_congregation, minmay_orc_temple_a, uniq_azrael
Elf:1:    minmay_elf_arrival_plus, serial_shops, shop,
          nicolae_shop_temple_entry_statues_fountains, shop,
          nicolae_shop_crystal
Elf:2:    serial_shops, shop
Vaults:1: dpeg_vaults_pockets_of_resistance, nicolae_vaults_network_periphery,
          v_misc_17, hangedman_vaults_corner_blocks, v_misc_30,
          hangedman_vaults_capsules, serial_shops,
          nicolae_shop_overgrown_old_shop
Vaults:2: v_misc_30, v_misc_5, minmay_crypt_entry_necro_gods,
          hangedman_vaults_stitches, nicolae_vaults_stairing_the_circle,
          vaults_standard_mumra_enter_the_diamond, st_more_cells,
          nicolae_vaults_windows_and_doors_thing,
          ontoclasm_vaults_loading_screen, v_misc_19, serial_shops,
          bzr_entry_customers, uniq_frederick
Vaults:3: nicolae_vaults_diagonal_hallway_9, ontoclasm_vaults_misaligned,
          stair_cage_open, ontoclasm_vaults_hangar, nicolae_vaults_display_case,
          v_rooms_3, vaults_room_stairs_pillars, hangedman_vaults_nodes,
          vaults_room_door_ring, hangedman_vaults_maws, ontoclasm_vaults_tryst,
          uniq_asterion, uniq_saint_roka
Vaults:4: hangedman_vaults_restitches, ontoclasm_vaults_misaligned,
          vaults_mumra_minichess, hangedman_vaults_restitches,
          vaults_room_pools, nicolae_vaults_octagons, vaults_mumra_chevron_long,
          hangedman_vaults_trim, vaults_standard_mumra_enter_the_diamond,
          nicolae_vaults_border_crossing, nicolae_vaults_asterisk,
          ontoclasm_vaults_ring_square, vaults_room_pools,
          ontoclasm_vaults_loading_screen, serial_shops, shop, shop, shop,
          uniq_boris
Depths:1: nicolae_water_bricks, hell_entry, hangedman_abyss_or_decor_stagger,
          serial_bayou_crossing, infiniplex_staircase_pool_lava,
          grunt_megastairs_4, uniq_mara
Depths:2: minmay_fractal_lines_corner, grunt_pan_entry_in_and_out,
          corexii_leaking_fountain, grunt_hell_horde, hallowed_hall
Bazaar:   bazaar_jpeg_ribbon
Sewer:    sewer_minmay_w
IceCv:    ice_cave_small_giant

Skill      XL: |  1  2  3  4  5  6  7  8  9 10 11 12 13 14 15 16 17 18 19 20 21 |
---------------+----------------------------------------------------------------+-----
Necromancy     | 5 6 7 8 9 11 12 | 12.6
Spellcasting   | 3 4 5 7 8 9 10 10 9 |  9.1
Fighting       | 1 2 4 6 8 10 11 12 14 15 17 | 17.5
Dodging        | 2 3 4 6 7 9 10 11 12 13 14 15 | 15.1
Shields        | 1 4 5 0 |  0.0
Charms         | 3 6 7 |  7.2
Stealth        | 2 4 9 |  9.6
Maces & Flails | 3 |  3.4
Polearms       | 1 6 9 11 12 3 2 |  2.6
Armour         | 2 3 6 8 10 11 12 13 | 13.4
Poison Magic   | 2 |  2.8
Air Magic      | 2 3 5 2 |  2.0
Conjurations   | 2 3 |  3.0
Evocations     | 3 4 6 7 |  7.4
Translocations | 3 |  3.1
Long Blades    | 4 13 14 | 14.6
Hexes          | 4 5 |  5.5

Action                   |  1- 3 |  4- 6 |  7- 9 | 10-12 | 13-15 | 16-18 | 19-21 || total
-------------------------+-------+-------+-------+-------+-------+-------+-------++-------
Melee: Spear             |    69 |    57 |       |       |       |       |       ||   126
       Unarmed           |     2 |       |       |       |       |       |       ||     2
       Headbutt          |     1 |    17 |    85 |   184 |   251 |   204 |   203 ||   945
       Short sword       |       |    73 |   356 |   408 |       |       |       ||   837
       Staff             |       |       |    90 |    17 |       |       |       ||   107
       Rapier            |       |       |    15 |       |       |       |       ||    15
       Mace              |       |       |       |    68 |       |       |       ||    68
       Whip              |       |       |       |    52 |       |       |       ||    52
       Halberd           |       |       |       |   274 |  1646 |   525 |       ||  2445
       Glaive            |       |       |       |       |       |   853 |       ||   853
       Triple sword      |       |       |       |       |       |   230 |   897 ||  1127
 Cast: Pain              |    46 |    61 |   184 |   145 |     4 |       |       ||   440
       Animate Skeleton  |     7 |    16 |    11 |    35 |    47 |    44 |    25 ||   185
       Vampiric Draining |     1 |     5 |    19 |    59 |    30 |     7 |       ||   121
       Animate Dead      |       |       |    12 |    30 |    31 |    38 |    30 ||   141
       Regeneration      |       |       |     3 |    11 |     9 |    26 |    18 ||    67
       Control Undead    |       |       |     6 |     2 |     3 |       |     2 ||    13
       Mephitic Cloud    |       |       |       |     4 |     7 |    21 |     3 ||    35
       Repel Missiles    |       |       |       |       |     2 |       |       ||     2
       Swiftness         |       |       |       |       |     1 |     2 |       ||     3
       Agony             |       |       |       |       |     2 |    22 |    10 ||    34
       Excruciating Woun |       |       |       |       |       |     3 |       ||     3
       Blink             |       |       |       |       |       |     1 |       ||     1
       Spectral Weapon   |       |       |       |       |       |     4 |    27 ||    31
       Dispel Undead     |       |       |       |       |       |       |     1 ||     1
Invok: Curse Item        |       |       |     2 |     2 |     4 |     3 |       ||    11
       Transfer Knowledg |       |       |       |       |       |     4 |     2 ||     6
       Scrying           |       |       |       |       |       |       |     1 ||     1
Evoke: Wand              |       |       |     5 |    21 |    28 |     8 |     2 ||    64
       Fan of gales      |       |       |       |       |     1 |       |       ||     1
       Disc of storms    |       |       |       |       |    12 |     1 |     3 ||    16
       Phial of floods   |       |       |       |       |       |     1 |     2 ||     3
  Use: Scroll            |     1 |     5 |     8 |    18 |    12 |    17 |     6 ||    67
       Potion            |       |     2 |       |    12 |     3 |    12 |     6 ||    35
 Stab: Sleeping          |    10 |     4 |     7 |    16 |    19 |    10 |    11 ||    77
       Distracted        |       |     1 |     4 |     7 |    20 |    23 |    15 ||    70
       Confused          |       |       |       |     8 |     1 |    16 |     1 ||    26
       Held in net/web   |       |       |       |       |       |     1 |       ||     1
       Invisible         |       |       |       |       |       |       |     4 ||     4
  Eat: Chunk             |     2 |     9 |    11 |    23 |    35 |    32 |    17 ||   129
       Meat ration       |       |       |     1 |     2 |       |       |       ||     3
       Royal jelly       |       |       |     2 |       |       |       |       ||     2
       Pizza             |       |       |       |     1 |     2 |     2 |     2 ||     7
       Fruit             |       |       |       |     1 |       |       |       ||     1
       Bread ration      |       |       |       |       |     1 |     3 |     3 ||     7
Armor: Robe              |    15 |    28 |    87 |   154 |    23 |       |       ||   307
       Leather armour    |       |       |    83 |   123 |       |       |       ||   206
       Chain mail        |       |       |    28 |       |       |       |       ||    28
       Troll leather arm |       |       |       |       |    77 |       |       ||    77
       Fire dragon scale |       |       |       |       |   332 |   652 |   273 ||  1257
Dodge: Dodged            |    20 |    95 |   529 |   899 |  1110 |  1252 |   811 ||  4716
       Deflected         |       |       |       |       |     6 |    65 |    47 ||   118
Block: Buckler           |       |       |   136 |   217 |       |       |       ||   353
       Rpst.: Triple sword |       |       |       |       |       |    30 |   173 ||   203
